Map: Deathaura LE

Players

JonSnow

  • Race: Zerg Zerg
  • League: Grandmaster
  • Spawn Location: 5:00

DisK - Winner!

  • Race: Protoss Protoss
  • Spawn Location: 11:00

Event: DreamHack SC2 Masters 2020 Winter

VOD

Have the link to the VOD?

Description

Time

  • Played on: Oct. 15, 2020, 7:50 p.m.
  • Length: 22:53

All games in this series

Show
View Real Time Build Order
Export as new Build Order

JonSnow Zerg 

Build Orders: Hatch First, Brood Lord Corruptor 

Get SALT Encoding   

  12  0:01  Drone  
  13  0:12  Overlord  
  13  0:17  Drone  
  14  0:30  Drone x2  
  16  0:48  Hatchery  
  15  0:51  Drone  
  15  0:55  Drone  
  17  0:58  Drone  
  18  1:06  Extractor  
  17  1:14  Spawning Pool  
  17  1:17  Drone  
  17  1:22  Drone  
  18  1:30  Drone  
  19  1:39  Drone  
  20  1:49  Overlord  
  20  2:01  Queen x2  
  20  2:02  Zergling x4  
  20  2:08  Metabolic Boost  
  26  2:11  Drone  
  26  2:15  Drone  
  28  2:22  Drone x2  
  30  2:37  Hatchery  
  30  2:41  Drone x2  
  31  2:45  Drone  
  31  2:46  Drone  
  33  2:54  Overlord  
  33  3:09  Overlord  
  33  3:11  Overlord  
  33  3:12  Queen  
  35  3:14  Drone  
  35  3:27  Drone  
  35  3:28  Drone x4  
  35  3:33  Overlord  
  40  3:37  Drone  
  40  3:41  Spore Crawler  
  40  3:43  Drone x3  
  43  3:49  Queen  
  43  3:53  Queen  
  43  3:54  Roach Warren  
  46  3:56  Drone x3  
  46  3:58  Drone  
  46  4:01  Overlord  
  50  4:09  Drone  
  50  4:11  Drone  
  50  4:13  Spore Crawler  
  48  4:20  Evolution Chamber  
  48  4:21  Drone x2  
  48  4:22  Drone x6  
  56  4:24  Drone, Spore Crawler  
  56  4:33  Drone x2  
  56  4:37  Drone  
  59  4:42  Spore Crawler  
  59  4:44  Drone x2  
  60  4:46  Overlord  
  60  4:48  Zerg Melee Weapons Level 1  
  60  4:50  Zergling x6  
  63  4:55  Zergling x4  
  63  4:59  Drone x4  
  64  5:02  Drone  
  64  5:04  Drone x2  
  64  5:07  Drone x2  
  68  5:10  Drone  
  69  5:16  Lair  
  69  5:17  Drone x5  
  69  5:19  Extractor  
  69  5:20  Extractor  
  72  5:22  Drone, Roach Warren  
  72  5:29  Drone x2  
  73  5:40  Extractor  
  73  5:41  Overlord  
  73  5:42  Overlord  
  72  5:43  Extractor x2  
  72  5:46  Overlord x3  
  70  5:50  Overlord  
  70  5:52  Overlord  
  70  5:53  Hatchery  
  70  5:54  Drone  
  70  5:55  Drone x3  
  73  5:58  Overlord  
  73  6:00  Drone x2  
  75  6:09  Roach x3  
  81  6:13  Roach  
  81  6:14  Glial Reconstitution  
  81  6:17  Roach x2  
  87  6:18  Baneling Nest  
  87  6:22  Roach  
  87  6:23  Roach x2, Overseer  
  92  6:29  Roach x3  
  98  6:37  Drone x6  
  98  6:38  Drone  
  105  6:45  Zerg Melee Weapons Level 2  
  105  6:46  Pneumatized Carapace  
  105  6:49  Drone x3  
  105  6:53  Drone x5  
  112  6:58  Overlord  
  115  7:01  Ravager x4  
  115  7:06  Roach x2  
  120  7:10  Overlord  
  120  7:12  Ravager  
  120  7:13  Zergling x6  
  120  7:14  Zergling x6  
  128  7:22  Zergling x2  
  128  7:23  Zergling x10  
  128  7:24  Ravager  
  128  7:25  Overlord x2, Ravager x2  
  136  7:34  Drone x5  
  136  7:36  Centrifical Hooks  
  141  7:40  Extractor  
  141  7:41  Extractor  
  141  7:43  Spore Crawler  
  141  7:44  Drone x3  
  140  7:45  Spine Crawler  
  140  7:47  Overlord  
  140  7:49  Overseer  
  140  7:54  Baneling x9  
  140  7:55  Baneling  
  140  7:56  Zergling x16  
  140  7:58  Drone x2  
  150  8:05  Drone  
  151  8:23  Drone x7  
  155  8:28  Zergling x22  
  155  8:33  Overlord  
  162  8:37  Drone  
  162  8:38  Drone x4  
  163  8:42  Infestation Pit  
  163  8:43  Baneling x3  
  163  8:44  Zergling x10  
  167  8:50  Baneling x32  
  167  8:55  Spine Crawler  
  167  9:01  Zerg Missile Weapons Level 1  
  166  9:10  Hatchery  
  166  9:15  Drone x3  
  166  9:16  Drone x9  
  173  9:28  Hive  
  173  9:30  Queen, Spire  
  174  9:31  Spore Crawler, Spine Crawler  
  174  9:32  Spine Crawler  
  160  9:48  Overlord  
  160  9:51  Overlord x3  
  159  9:57  Spine Crawler  
  159  9:58  Spine Crawler  
  152  10:06  Queen  
  154  10:10  Zergling x40  
  170  10:34  Burrow  
  170  10:40  Zergling x26  
  170  10:41  Adrenal Glands  
  182  10:43  Greater Spire  
  177  10:50  Baneling x10  
  177  10:58  Baneling x3  
  177  10:59  Baneling x20  
  168  11:11  Overlord  
  168  11:13  Corruptor  
  168  11:14  Corruptor x12  
  194  11:23  Queen  
  194  11:25  Extractor x2  
  194  11:32  Overseer  
  180  12:10  Brood Lord x2  
  180  12:11  Brood Lord x5  
  194  12:22  Brood Lord x2  
  198  12:37  Corruptor x2  
  200  12:55  Spine Crawler  
  200  12:56  Spore Crawler, Spine Crawler x2  
  196  12:59  Overlord  
  196  13:03  Hatchery  
  195  13:11  Zerg Flyer Weapons Level 1  
  189  13:23  Drone x3  
  189  13:26  Corruptor x7  
  195  13:36  Spine Crawler  
  195  13:38  Spore Crawler, Spine Crawler  
  195  13:39  Spore Crawler  
  191  13:42  Overseer x2  
  191  13:47  Brood Lord  
  191  13:48  Spore Crawler, Brood Lord  
  194  13:51  Spore Crawler  
  194  13:53  Zergling x14  
  200  14:00  Extractor  
  199  14:12  Zerg Melee Weapons Level 3  
  199  14:23  Pathogen Glands  
  199  14:30  Corruptor  
  199  14:36  Corruptor x4  
  199  14:38  Spore Crawler  
  198  14:43  Spine Crawler  
  198  14:45  Viper, Spine Crawler  
  194  14:46  Viper, Spine Crawler x2  
  194  14:47  Spine Crawler  
  195  15:02  Spore Crawler  
  195  15:03  Spore Crawler  
  195  15:04  Spore Crawler  
  195  15:06  Zerg Flyer Armor Level 1  
  190  15:11  Evolution Chamber  
  190  15:13  Spore Crawler  
  188  15:16  Spine Crawler  
  188  15:19  Spine Crawler  
  188  15:20  Ultralisk Cavern  
  183  15:35  Corruptor x10  
  179  15:53  Hatchery, Zergling x6  
  179  15:54  Spore Crawler, Zergling x10  
  179  15:55  Spore Crawler  
  184  15:57  Spore Crawler  
  183  16:17  Chitinous Plating  
  183  16:21  Ultralisk x2  
  193  16:37  Ultralisk  
  193  16:38  Ultralisk  
  193  16:39  Overseer  
  200  16:41  Spore Crawler, Spine Crawler  
  200  16:43  Zerg Ground Armor Level 1, Spine Crawler  
  197  16:48  Spore Crawler, Zergling x8  
  200  16:59  Zerg Flyer Weapons Level 2  
  190  17:16  Corruptor x5  
  188  17:49  Corruptor x4  
  188  17:50  Corruptor  
  198  18:21  Extractor, Spine Crawler x2  
  198  18:22  Spine Crawler  
  198  18:23  Spine Crawler  
  191  18:28  Lair  
  191  18:33  Spore Crawler, Overseer  
  190  18:35  Spore Crawler  
  190  18:40  Brood Lord  
  190  18:41  Brood Lord x2  
  194  18:43  Brood Lord  
  196  19:14  Corruptor x2  
  199  19:27  Zerg Flyer Armor Level 2  
  199  19:28  Hive  
  199  19:36  Overseer  
  199  19:37  Overseer  
  199  19:57  Zergling x6  
  199  19:58  Zergling x2  
  200  20:02  Overlord  
  200  20:05  Overlord  
  197  20:24  Baneling x6  
  197  20:31  Zergling x2  
  197  20:32  Zergling x4  
  144  21:07  Corruptor x16  
  141  21:11  Zergling x2  
  141  21:12  Zergling x6  
  145  21:26  Zergling x2  
  145  21:27  Unknown, Zergling x2  
  145  21:29  Unknown  
  145  21:45  Overseer  
  145  21:48  Corruptor  
  139  22:17  Corruptor x2  
Show
View Real Time Build Order
Export as new Build Order

DisK Protoss - Winner!

Build Orders: 1 Gate Expand, Oracle Opening, Archon Immortal, Carriers 

Get SALT Encoding   

  12  0:00  Probe  
  13  0:12  Probe  
  14  0:17  Pylon  
  14  0:24  Probe  
  15  0:35  Gateway  
  15  0:36  Probe (Chrono Boost)  
  16  0:46  Assimilator, Probe (Chrono Boost)  
  17  0:51  Probe (Chrono Boost)  
  18  1:03  Probe  
  19  1:15  Probe  
  20  1:23  Nexus  
  20  1:33  Cybernetics Core  
  20  1:41  Probe  
  20  1:43  Assimilator  
  21  1:53  Pylon, Probe (Chrono Boost)  
  22  2:03  Probe (Chrono Boost)  
  23  2:08  Stalker (Chrono Boost)  
  23  2:09  Probe  
  26  2:21  Stargate  
  26  2:25  Probe (Chrono Boost)  
  26  2:29  Warp Gate  
  27  2:34  Adept  
  27  2:35  Probe (Chrono Boost)  
  30  2:43  Probe (Chrono Boost)  
  32  2:45  Probe (Chrono Boost)  
  32  2:49  Probe (Chrono Boost)  
  32  2:50  Probe (Chrono Boost)  
  34  3:01  Probe x2  
  34  3:04  Oracle  
  39  3:12  Gateway  
  39  3:13  Probe x2  
  41  3:25  Shield Battery, Probe  
  42  3:28  Shield Battery  
  42  3:31  Pylon, Probe  
  43  3:37  Probe  
  44  3:43  Probe  
  44  3:46  Oracle (Chrono Boost)  
  44  3:47  Assimilator  
  45  3:49  Assimilator  
  45  3:52  Probe (Chrono Boost)  
  45  3:54  Pylon  
  49  3:56  Probe (Chrono Boost)  
  51  4:04  Robotics Facility  
  51  4:06  Probe x2 (Chrono Boost)  
  52  4:11  Probe (Chrono Boost)  
  53  4:21  Adept x2  
  53  4:23  Probe  
  58  4:28  Probe  
  58  4:29  Pylon  
  59  4:36  Nexus  
  59  4:37  Pylon  
  59  4:43  Probe x2 (Chrono Boost)  
  61  4:48  Forge, Twilight Council  
  61  4:52  Observer  
  62  4:55  Probe x2 (Chrono Boost)  
  64  5:04  Probe (Chrono Boost)  
  64  5:05  Probe (Chrono Boost)  
  66  5:09  Gateway, Sentry x2  
  66  5:11  Gateway, Shield Battery  
  66  5:13  Pylon  
  66  5:14  Probe  
  71  5:16  Probe  
  71  5:17  Pylon  
  72  5:25  Immortal  
  72  5:26  Probe  
  77  5:33  Sentry x2  
  81  5:35  Probe (Chrono Boost)  
  81  5:38  Charge  
  81  5:40  Protoss Ground Weapons Level 1 (Chrono Boost)  
  82  5:42  Probe (Chrono Boost)  
  82  5:47  Probe (Chrono Boost)  
  84  5:50  Probe (Chrono Boost)  
  84  5:56  Probe (Chrono Boost)  
  85  5:59  Gateway  
  85  6:00  Gateway, Zealot, Probe (Chrono Boost)  
  85  6:01  Observer, Probe (Chrono Boost)  
  85  6:03  Gateway  
  89  6:04  Templar Archives  
  89  6:11  Probe x2  
  89  6:13  Gateway  
  89  6:16  Assimilator x2  
  91  6:23  Probe x2  
  93  6:25  Warp Prism (Chrono Boost)  
  93  6:26  Pylon  
  95  6:33  Pylon x2  
  95  6:40  High Templar x2  
  95  6:41  Zealot x2  
  95  6:44  Probe x3  
  106  6:50  Archon  
  106  6:56  Probe x2  
  108  7:03  Nexus  
  108  7:05  Pylon  
  108  7:07  Pylon, Probe  
  109  7:08  Probe  
  110  7:16  High Templar x4  
  110  7:17  Zealot x4  
  110  7:20  Archon x2  
  126  7:23  Probe x2  
  126  7:25  Psionic Storm  
  126  7:26  Protoss Ground Weapons Level 2 (Chrono Boost)  
  126  7:28  Photon Cannon  
  128  7:31  Shield Battery  
  128  7:32  Gateway  
  128  7:34  Gateway  
  128  7:43  Probe  
  128  7:44  Probe x2  
  131  7:47  Photon Cannon  
  131  7:51  Photon Cannon  
  131  7:52  Photon Cannon  
  131  7:53  Photon Cannon  
  131  7:56  Pylon  
  131  7:59  Immortal  
  135  8:09  High Templar x3  
  135  8:11  High Templar  
  143  8:15  Probe x2  
  143  8:17  Assimilator  
  143  8:19  Assimilator  
  145  8:28  Zealot  
  145  8:29  Zealot x3  
  145  8:33  Blink  
  139  8:43  High Templar, Immortal  
  139  8:45  High Templar  
  147  8:50  Photon Cannon  
  147  8:51  Shield Battery  
  147  8:53  Pylon  
  147  8:54  Photon Cannon  
  147  8:57  Shield Battery  
  147  8:58  Photon Cannon  
  147  8:59  Photon Cannon  
  147  9:00  Photon Cannon  
  147  9:02  High Templar x2, Shield Battery  
  151  9:08  Archon  
  151  9:16  Pylon  
  151  9:20  Pylon, Zealot x5  
  151  9:21  Zealot x2  
  151  9:22  Pylon  
  151  9:23  Dark Shrine, Immortal (Chrono Boost)  
  169  9:31  Stalker  
  166  9:40  Stalker x3  
  162  9:54  Warp Prism (Chrono Boost)  
  162  9:55  High Templar x4  
  162  10:00  Archon x2  
  162  10:08  Probe x3  
  165  10:40  Zealot x2  
  165  10:44  Zealot x9  
  177  10:56  Fleet Beacon  
  177  10:59  Nexus, Stargate  
  177  11:00  Stargate  
  177  11:01  Pylon  
  177  11:06  Protoss Air Weapons Level 1 (Chrono Boost)  
  177  11:07  Archon  
  177  11:08  Archon  
  177  11:14  High Templar x3  
  179  11:18  Pylon  
  179  11:22  Stalker  
  179  11:23  Stalker  
  169  11:29  Photon Cannon, Zealot x4  
  169  11:30  Photon Cannon, Zealot  
  169  11:32  Photon Cannon  
  179  11:34  Shield Battery x2  
  179  11:39  Shield Battery  
  177  11:40  Photon Cannon  
  177  11:42  Photon Cannon, Pylon  
  177  11:43  Observer (Chrono Boost)  
  177  11:46  Carrier (Chrono Boost)  
  178  11:48  Carrier (Chrono Boost)  
  178  11:49  Carrier (Chrono Boost)  
  192  12:06  Protoss Ground Weapons Level 3  
  192  12:12  Zealot x2  
  192  12:14  Zealot x2  
  194  12:29  Assimilator  
  192  12:30  Assimilator  
  188  12:40  Shadow Stride  
  180  12:45  High Templar x3  
  181  13:00  Zealot x7  
  185  13:13  Archon  
  185  13:16  Protoss Air Weapons Level 2 (Chrono Boost)  
  185  13:24  Stalker  
  185  13:25  Stalker x9  
  185  13:40  Colossus  
  185  13:43  Carrier (Chrono Boost)  
  185  13:44  Carrier (Chrono Boost)  
  200  13:55  Oracle (Chrono Boost)  
  200  14:00  Shield Battery x2  
  200  14:01  Pylon  
  200  14:12  Robotics Bay  
  197  14:48  Dark Templar  
  199  14:59  Protoss Shields Level 1 (Chrono Boost)  
  199  15:10  Gravitic Boosters (Chrono Boost)  
  199  15:15  Pylon  
  199  15:18  Assimilator  
  199  15:20  Assimilator  
  199  15:21  Protoss Air Weapons Level 3 (Chrono Boost)  
  199  15:24  Pylon  
  181  15:46  Carrier x3 (Chrono Boost)  
  195  15:52  Photon Cannon  
  195  15:55  Photon Cannon  
  195  15:57  Shield Battery  
  195  15:58  High Templar x2, Photon Cannon  
  199  16:13  Gravitic Drive (Chrono Boost)  
  199  16:17  Pylon  
  199  16:20  Unknown  
  199  16:24  Unknown  
  199  16:29  Nexus  
  199  16:31  Nexus  
  199  16:32  Pylon  
  187  17:22  Archon  
  173  17:43  Stalker x8  
  173  17:44  Stalker x2  
  189  17:56  Gateway  
  186  17:58  Gateway  
  186  18:00  Gateway, Pylon  
  186  18:02  Gateway  
  186  18:13  Protoss Shields Level 2, Zealot x5  
  186  18:14  Zealot x2  
  200  18:34  Protoss Air Armor Level 1 (Chrono Boost)  
  196  18:44  Mothership (Chrono Boost)  
  194  18:53  Dark Templar x3  
  200  19:07  Photon Cannon  
  194  19:29  High Templar  
  194  19:30  High Templar x2  
  200  19:34  Shield Battery  
  200  19:39  Nexus  
  200  19:41  Photon Cannon  
  200  19:42  Photon Cannon  
  200  19:45  Shield Battery  
  200  19:46  Shield Battery  
  200  19:48  Pylon  
  200  19:50  Pylon  
  190  20:05  Carrier x2  
  200  20:13  Stargate  
  200  20:15  Stargate  
  200  20:17  Photon Cannon  
  200  20:18  Photon Cannon  
  200  20:20  Photon Cannon  
  196  20:21  Photon Cannon  
  196  20:23  Photon Cannon, Shield Battery  
  196  20:27  Carrier (Chrono Boost)  
  154  21:07  Carrier (Chrono Boost)  
  154  21:08  Carrier (Chrono Boost)  
  156  21:12  High Templar x3  
  156  21:13  High Templar x11  
  156  21:17  Archon x6  
  184  21:23  Carrier (Chrono Boost)  
  196  21:33  Carrier (Chrono Boost)  
  192  21:53  Dark Templar x2  
  192  21:54  Dark Templar x2  
  162  22:31  Stalker x9  
  162  22:32  Stalker x5  
Tags
 
Add a new tag
Caveats
  • Supply blocks, unpowered buildings, or Contaminate may cause inaccurate times.
  • Supply counts are checked every 10 seconds.